 Dungeon Crawl Stone Soup version 0.27-a0-1206-g6342a01c75 (webtiles) character file.

Game seed: 3273313464591724913

31 Analysis the Poker (level 3, 0/28 HPs)
             Began as a Merfolk Gladiator on June 5, 2021.
             Succumbed to a crimson imp's poison
             ... on level 3 of the Dungeon.
             The game lasted 00:07:41 (1963 turns).

Analysis the Poker (Merfolk Gladiator)              Turns: 1963, Time: 00:07:41

Health: 0/28       AC:  6    Str: 14    XL:     3   Next: 22%
Magic:  3/3        EV: 12    Int:  7    God:
Gold:   93         SH:  3    Dex: 16    Spells: 2/2 levels left

rFire    . . .     SeeInvis .   a - +0 trident
rCold    . . .     Faith    .   k - +0 buckler
rNeg     . . .     Spirit   .   b - +0 leather armour
rPois    .         Reflect  .   c - +0 helmet
rElec    .         Harm     .   (no cloak)
rCorr    .         Rampage  .   e - +0 pair of gloves
Will     .....                  j - +0 pair of boots
Stlth    +.........             (no amulet)
HPRegen  0.09/turn              (no ring)
MPRegen  0.08/turn              (no ring)

@: lethally poisoned (0 -> -8)
A: (nimble swimmer 2), mertail
a: no special abilities


You were on level 3 of the Dungeon.
You visited 1 branch of the dungeon, and saw 3 of its levels.

You collected 93 gold pieces.

Inventory:

Hand Weapons
 a - a +0 trident (weapon)
Missiles
 d - 3 throwing nets (quivered)
Armour
 b - a +0 leather armour (worn)
 c - a +0 helmet (worn)
 e - a +0 pair of gloves (worn)
 j - a +0 pair of boots (worn)
 k - a +0 buckler (worn)
Scrolls
 f - a scroll of torment {unknown}
 i - a scroll of identify {unknown}
 m - a scroll of summoning {unknown}
Potions
 g - a potion of mutation {unknown}
 h - 3 potions of brilliance {unknown}
 l - a potion of flight {unknown}


   Skills:
 + Level 2.8 Fighting
 * Level 5.7 Polearms
 - Level 2.0 Throwing
 - Level 4.0 Dodging


You had 2 spell levels left.
You didn't know any spells.
Your spell library contained the following spells:

 Spells                   Type           Power      Damage    Failure   Level
 Animate Skeleton         Necr           0%         N/A       69%         1
 Apportation              Tloc           0%         N/A       69%         1
 Corona                   Hex            0%         N/A       69%         1
 Summon Small Mammal      Summ           0%         N/A       69%         1


Dungeon Overview and Level Annotations

Branches:
Dungeon (3/15)

Altars:
Sif Muna
Xom


Innate Abilities, Weirdness & Mutations

((You are quick and stealthy near water. (Stealth+, EV+, Speed+++)))
Your lower body shifts to a powerful aquatic tail in water.


Message History

Aim: a crimson imp (about 52% to evade your +0 trident)
You miss the crimson imp.
The crimson imp blinks! x2
Reach: a) +0 trident
Press: ? - help, Dir - move target, f - crimson imp
Aim: a crimson imp, wielding a +0 dagger of chaos (about 52% to evade your +0 trident)
You hit the crimson imp but do no damage.
The crimson imp closely misses you.
Reach: a) +0 trident
Press: ? - help, Dir - move target, f/p - crimson imp
Aim: a crimson imp, wielding a +0 dagger of chaos (about 52% to evade your +0 trident)
You barely miss the crimson imp.
The crimson imp blinks!
Reach: a) +0 trident
Press: ? - help, Dir - move target, f/p - crimson imp
Aim: a crimson imp, wielding a +0 dagger of chaos (about 52% to evade your +0 trident)
You closely miss the crimson imp.
The crimson imp hits you with a +0 dagger of chaos.
The crimson imp burns you. The crimson imp closely misses you.
Unknown command.
You hit the crimson imp.
The crimson imp is heavily wounded.
The crimson imp hits you but does no damage.
You are lethally poisoned!
The crimson imp blinks!
You hit the crimson imp.
The crimson imp is severely wounded.
You feel very sick. The crimson imp completely misses you.
The crimson imp closely misses you.
You miss the crimson imp.
The crimson imp is severely wounded.
* * * LOW HITPOINT WARNING * * *
You feel sick.
The crimson imp hits you with a +0 dagger of chaos.
* * * LOW HITPOINT WARNING * * *
The crimson imp burns you.
* * * LOW HITPOINT WARNING * * *
The crimson imp blinks!
You barely miss the crimson imp.
The crimson imp is severely wounded.
You hear the slow rusting of a very distant drain.
You die...

#.# #†# #.#
#.# #.#
#.##### #.#
###.####......
####.#
#........#####
#....#
#)#....#.#
#.##.#
#.####.#.#
#.##### #
#.#.#
#.#.#.#######
#.#.#
#.#.#^#.5@.5#
#$#.#
#.#...#5###.#
#.#.#
#.'§_.'.# #.#
#.#.#
###...### #.#
#.#^# #5§
#.#.# ....
##### #.5.#
#...# #...#


You could see 3 crimson imps.

Vanquished Creatures
  4 ball pythons (D:1)
  2 endoplasms
  A giant cockroach (D:1)
  4 goblins
  3 hobgoblins (D:1)
  2 jackals (D:1)
  2 quokkas (D:1)
  2 bats
  3 frilled lizards
  3 kobolds
  4 rats
30 creatures vanquished.

Vanquished Creatures (others)
  3 plants
3 creatures vanquished.

Grand Total: 33 creatures vanquished

Notes
Turn   | Place    | Note
-------+----------+-------------------------------------------
     0 | D:1      | Analysis the Merfolk Gladiator began the quest for the Orb.
     0 | D:1      | Reached XP level 1. HP: 16/16 MP: 1/1
   196 | D:1      | Reached XP level 2. HP: 23/23 MP: 2/2
   206 | D:1      | Reached skill level 5 in Polearms
  1103 | D:2      | Found a faded altar of an unknown god.
  1203 | D:2      | Reached XP level 3. HP: 28/28 MP: 3/3
  1815 | D:3      | Found a shimmering blue altar of Sif Muna.
  1913 | D:3      | Found a shimmering altar of Xom.
  1963 | D:3      | Succumbed to a crimson imp's poison

Illustrated notes

Levels and vault maps discovered:
D:1:      dpeg_arrival_tiny_a, layout_basic, serial_bayou_pond_a,
          minmay_misc_feat_cross, grunt_decor_clamped
D:2:      layout_basic, serial_bayou, serial_bayou_lagoon_b,
          serial_bayou_shore_b, serial_bayou_shore_a, serial_bayou_pond_e,
          shapermc_ecumenical_altar_starsandcircs
D:3:      layout_loops_ring, lemuel_round_altar, led_xom_imps,
          lemuel_round_altar, portal_sewer_entry_d,
          minmay_fractal_squares_gapless_5, uniq_robin

Skill      XL: |  1  2 |
---------------+-------+-----
Polearms       | 5 |  5.7
Fighting       | |  2.8
Throwing       | |  2.0
Dodging        | |  4.0

Action                   || total
-------------------------++-------
Melee: Trident           ||   110
Armor: Leather armour    ||    37
Dodge: Dodged            ||    44
Block: Buckler           ||     5

Table legend: (Time is in decaauts)
 A = Elapsed time spent in this place.
 B = Non-inter-level travel time spent in this place.
 C = Inter-level travel time spent in this place.
 D = Time resting spent in this place.
 E = Time spent auto-exploring this place.
 F = Levels seen in this place.
 G = Mean time per level.
                   A        B        C        D        E       F      G
               +--------+--------+--------+--------+--------+-----+--------+
         Total |   1930 |   1889 |     41 |    113 |   1353 |   3 |  643.3 |
       Dungeon |   1930 |   1889 |     41 |    113 |   1353 |   3 |  643.3 |
               +--------+--------+--------+--------+--------+-----+--------+

Top non-repeatable levels by time:
     D:1: 895 daAuts
     D:2: 882 daAuts
     D:3: 152 daAuts
